 Dungeon Crawl Stone Soup version 0.24-a0-170-gd8427f5 (webtiles) character file.

Game seed: 8600783823924735684

172 XanderDroid the Chopper (level 5, -1/47 HPs)
             Began as a Minotaur Berserker on Mar 8, 2019.
             Was a Priest of Trog.
             Slain by an ogre
             ... wielding a +0 giant club
              (15 damage)
             ... on level 4 of the Dungeon.
             The game lasted 00:04:46 (2190 turns).

XanderDroid the Chopper (Minotaur Berserker)        Turns: 2190, Time: 00:04:47

Health: -1/47      AC:  6    Str: 22    XL:     5   Next: 27%
Magic:  4/4        EV: 11    Int:  4    God:    Trog [***...]
Gold:   149        SH:  0    Dex: 10    Spells: 4/4 levels left

rFire    . . .     SeeInvis .   a - +1 hand axe
rCold    . . .     Gourm    .   (no shield)
rNeg     + . .     Faith    .   w - +0 scale mail
rPois    .         Spirit   .   (helmet restricted)
rElec    .         Reflect  .   (no cloak)
rCorr    .         Harm     .   (no gloves)
MR       .....                  (no boots)
Stlth    ..........             (no amulet)
HPRegen  0.15/turn              n - ring of positive energy
MPRegen  0.09/turn              (no ring)

@: no status effects
A: retaliatory headbutt, horns 2
a: Berserk, Trog's Hand, Renounce Religion


You were on level 4 of the Dungeon.
You worshipped Trog.
Trog was most pleased with you.
You were not hungry.

You visited 1 branch of the dungeon, and saw 4 of its levels.

You collected 149 gold pieces.

Inventory:

Hand Weapons
 a - a +1 hand axe (weapon)
Missiles
 p - a throwing net (quivered)
Armour
 w - a +0 scale mail (worn)
Jewellery
 n - a ring of positive energy (left hand)
Scrolls
 e - a scroll of teleportation {unknown}
 g - a scroll of remove curse {unknown}
 h - 4 scrolls of identify
 i - a scroll of enchant weapon
 m - a scroll of magic mapping
 o - a scroll of fog {unknown}
 t - a scroll of immolation {unknown}
 v - a scroll of amnesia {unknown}
Potions
 b - a potion of mutation {unknown}
 f - a potion of lignification {unknown}
 j - a potion of flight {unknown}
 l - 3 potions of curing
 q - 3 potions of cancellation
 r - a potion of ambrosia {unknown}
 s - a potion of might {unknown}
 u - a potion of heal wounds {unknown}
Comestibles
 c - 5 rations
 d - 3 chunks of flesh


   Skills:
 + Level 4.5 Fighting
 * Level 5.4 Axes
 + Level 3.5 Armour
 + Level 3.3 Dodging


You had 4 spell levels left.
You didn't know any spells.
Your spell library was empty.

Dungeon Overview and Level Annotations

Branches:
Dungeon (4/15)
 Temple: D:4-7

Altars:


Innate Abilities, Weirdness & Mutations

You reflexively headbutt those who attack you in melee.
You have a pair of horns on your head.


Message History

The ogre misses you.
You barely miss the ogre.
The ogre is severely wounded.
The ogre closely misses you.
You barely miss the ogre.
The ogre is severely wounded.
The ogre hits you with a +0 giant club!!
You barely miss the ogre. You headbutt the ogre.
The ogre is severely wounded.
You hit the ogre. Your headbutt misses the ogre.
The ogre is almost dead.
The ogre hits you with a +0 giant club!
* * * LOW HITPOINT WARNING * * *
You are too injured to fight recklessly!
You are too injured to fight recklessly!
You are too injured to fight recklessly!
You hit the ogre.
The ogre is almost dead.
The ogre hits you with a +0 giant club!
You die...

,,* *,*,,**,,,,,,,,,,,,,,,,*
*****,,,**#####.##.#....,,,*
,,**,,,**##..$$..#.#....,,,*
*,,,,*,**#.............,,,,*
****,*,**............#,*****
**,,,,**............#,,*
**,,*,,,*............#*,*
*,,**,*,*......O.....#*,*
*,**,,*,,.......@.>#.#*,*
,,,,,***,..........#.#*,*
,,,,,****........).#.#*.#
,,**,,,,,............#*.#
,,,****,,.....[....###*.#
,*,,,,,,,..........## *.#
***,,***,..[........###.##
,,,,,,***#........#.##...#
*****,* *#......##.##...#


You could see an ogre.

Vanquished Creatures
  6 gnolls
  3 adders
  3 worms (D:2)
  A dart slug (D:1)
  2 leopard geckos
  An orc (D:3)
  15 bats
  2 giant cockroaches
  5 goblins
  10 hobgoblins
  3 jackals (D:2)
  4 quokkas (D:2)
  2 frilled lizards (D:2)
  10 kobolds
  A leopard gecko skeleton (D:4)
  6 rats
74 creatures vanquished.

Notes
Turn   | Place    | Note
-------+----------+-------------------------------------------
     0 | D:1      | XanderDroid the Minotaur Berserker began the quest for the
                  | Orb.
     0 | D:1      | Reached XP level 1. HP: 19/19 MP: 0/0
   134 | D:1      | Reached XP level 2. HP: 23/27 MP: 1/1
   166 | D:1      | Reached skill level 4 in Axes
   495 | D:2      | Reached XP level 3. HP: 28/33 MP: 2/2
   552 | D:2      | Reached ** piety under Trog
  1063 | D:2      | Reached XP level 4. HP: 30/40 MP: 3/3
  1485 | D:2      | Reached skill level 5 in Axes
  1629 | D:3      | Reached *** piety under Trog
  1692 | D:3      | Reached XP level 5. HP: 29/47 MP: 4/4
  2180 | D:4      | Noticed an ogre
  2190 | D:4      | Slain by an ogre

Levels and vault maps discovered:
D:1:      erik_arrival_triangle_small, layout_rooms
D:2:      layout_rooms, kennysheep_big_empty_room, kennysheep_nondescript,
          minmay_circled_x
D:3:      layout_rooms, first_ration, minmay_misc_feat_hallway,
          minmay_misc_feat_more_columns
D:4:      layout_rooms, old_standard_altar, serial_shops, shop_coins

Skill      XL: |  1  2  3  4 |
---------------+-------------+-----
Axes           | 4 5 |  5.4
Fighting       | 4 |  4.5
Armour         | 3 |  3.5
Dodging        | 3 |  3.3

Action                   |  1- 3 |  4- 6 || total
-------------------------+-------+-------++-------
Melee: Hand axe          |    88 |    57 ||   145
       Headbutt          |     9 |    11 ||    20
Invok: Berserk           |       |     1 ||     1
  Use: Scroll            |       |     4 ||     4
  Eat: Chunk             |       |     5 ||     5
Armor: Ring mail         |    33 |    14 ||    47
       Animal skin       |     9 |       ||     9
Dodge: Dodged            |    75 |    44 ||   119

Table legend:
 A = Non-vault XP
 B = Vault XP
 C = Vault XP percentage of total XP
 D = Non-vault monster count
 E = Vault monster count
 F = Vault count percentage of total count
                 A         B        C        D         E       F
            +---------+---------+-------+---------+---------+-------
      Total |     238 |       8 |   3.3 |      70 |       4 |   5.4
            +---------+---------+-------+---------+---------+-------
        D:1 |      34 |       0 |   0.0 |      19 |       0 |   0.0
        D:2 |      85 |       8 |   8.6 |      30 |       4 |  11.8
        D:3 |     118 |       0 |   0.0 |      20 |       0 |   0.0
        D:4 |       1 |       0 |   0.0 |       1 |       0 |   0.0
            +---------+---------+-------+---------+---------+-------
